 Dungeon Crawl Stone Soup version 0.31-a0-875-g02e7d12df6 (webtiles) character file.

Game seed: 1770334887054500898

32 subawu the Gusty (level 3, -1/19 HPs)
             Began as a Tengu Air Elementalist on Oct 12, 2023.
             Slain by a gnoll
             ... wielding a +0 club
              (7 damage)
             ... on level 2 of the Dungeon.
             The game lasted 00:04:54 (1013 turns).

subawu the Gusty (Tengu Air Elementalist)           Turns: 1013, Time: 00:04:55

Health: -1/19      AC:  2    Str: 10    XL:     3   Next: 25%
Magic:  2/7        EV: 12    Int: 15    God:
Gold:   50         SH:  0    Dex: 14    Spells: 5/6 levels left

rFire   . . .        c - +0 dagger
rCold   . . .        (no shield)
rNeg    . . .        a - +0 robe
rPois   .            (helmet restricted)
rElec   .            (no cloak)
rCorr   .            (no gloves)
SInv    .            (boots unavailable)
Will    .....        (no amulet)
Stlth   ++           (no ring)
HPRegen 0.23/turn    (no ring)
MPRegen 0.10/turn

%: acrobat
@: no status effects
A: beak, talons 3, acrobatic
a: no special abilities


You were on level 2 of the Dungeon.
You visited 1 branch of the dungeon, and saw 2 of its levels.

You collected 50 gold pieces.

Inventory:

Hand Weapons
 c - a +0 dagger (weapon)
Armour
 a - a +0 robe (worn)
 e - a +0 helmet
Jewellery
 j - a +6 ring of intelligence
Scrolls
 f - a scroll of butterflies {unknown}
 g - 2 scrolls of fear {unknown}
 k - a scroll of teleportation {unknown}
 m - a scroll of fog {unknown}
Potions
 b - a potion of magic
 d - a potion of degeneration {unknown}
 h - a potion of invisibility {unknown}
 i - a potion of curing {unknown}
 l - a potion of brilliance {unknown}


   Skills:
 + Level 2.3 Dodging
 + Level 2.1 Stealth
 + Level 2.2 Spellcasting
 + Level 1.8 Conjurations
 + Level 5.1 Air Magic


You had 5 spell levels left.
You knew the following spells:

 Your Spells              Type           Power      Damage    Failure   Level
a - Shock                 Conj/Air       48%        1d6       5%          1

Your spell library contained the following spells:

 Spells                   Type           Power      Damage    Failure   Level
 Static Discharge         Conj/Air       24%        2-3/arc   8%          2
 Swiftness                Air            17%        N/A       8%          3
 Airstrike                Air            8%         2d(2-18)  26%         4
 Scorch                   Fire           2%         2d5       32%         2
 Flame Wave               Conj/Fire      4%         2d5       83%         4
 Summon Cactus Giant      Summ           0%         N/A       100%        6


Dungeon Overview and Level Annotations

Branches:
Dungeon (2/15)

Altars:


Innate Abilities, Weirdness & Mutations

You have a beak for a mouth.
You have claws for feet.
You can magically evade attacks while moving or waiting.


Message History

You barely miss the goblin. Your peck misses the goblin.
A gnoll comes into view. It is wielding a +0 club.
The goblin barely misses you.
You hit the goblin. You claw the goblin.
You kill the goblin!
The gnoll closely misses you.
Casting: Shock (safe; 5% risk of failure)
Confirm with . or Enter, or press ? or * to list all spells.
Aiming: Shock (safe; 5% risk of failure)
Press: ? - help, Shift-Dir - straight line, f/p - gnoll
Aim: a gnoll, wielding a +0 club (moderately wounded, 72% to hit)
The zap hits the gnoll.
The gnoll is heavily wounded.
The adder misses you. The adder barely misses you.
The gnoll hits you but does no damage.
You hit the adder. You claw the adder.
The adder is heavily wounded.
The adder bites you. The gnoll barely misses you.
You miss the adder.
The adder is heavily wounded.
The adder misses you. The gnoll hits you with a +0 club!
Ouch! That really hurt!
* * * LOW HITPOINT WARNING * * *
You barely miss the adder. You claw the adder.
You kill the adder!
The gnoll barely misses you.
Your Air Magic skill increases to level 5!
You have reached level 3!
Your experience leads to an increase in your attributes!
Increase (S)trength, (I)ntelligence, or (D)exterity?
You feel stronger. x2
Casting: Shock (safe; 5% risk of failure)
Confirm with . or Enter, or press ? or * to list all spells.
Aiming: Shock (safe; 5% risk of failure)
Press: ? - help, Shift-Dir - straight line, f - gnoll, p - gnoll
Aim: a gnoll, wielding a +0 club (72% to hit)
The zap hits the gnoll.
The gnoll is moderately wounded.
The gnoll hits you with a +0 club!
You die...

... .... ....#
...... #.....
......####
......g..#
......g@.########
................#
.........#......#
..?......#......#
...).....########
##########


You could see 2 gnolls.

Vanquished Creatures
  An adder (D:2)
  2 endoplasms (D:1)
  4 goblins
  A hobgoblin (D:1)
  3 jackals (D:1)
  A kobold (D:1)
  3 quokkas (D:1)
  A bat (D:1)
  2 frilled lizards (D:1)
  2 rats (D:1)
20 creatures vanquished.

Notes
Turn   | Place    | Note
-------+----------+-------------------------------------------
     0 | D:1      | subawu the Tengu Air Elementalist began the quest for the
                  | Orb.
     0 | D:1      | Reached XP level 1. HP: 10/10 MP: 4/4
   175 | D:1      | Reached XP level 2. HP: 14/15 MP: 0/6
  1013 | D:2      | Reached skill level 5 in Air Magic
  1013 | D:2      | Reached XP level 3. HP: 6/19 MP: 3/7
  1013 | D:2      | Slain by a gnoll

Illustrated notes

Levels and vault maps discovered:
D:1:      kennysheep_arrival_seaside, layout_loops_ring
D:2:      layout_rooms, st_stairs_11, serial_bayou_ford_a, item_on_display_a

Skill      XL: |  1  2 |
---------------+-------+-----
Air Magic      | 5 |  5.1
Dodging        | |  2.3
Stealth        | |  2.1
Spellcasting   | |  2.2
Conjurations   | |  1.8

Action                     || total
---------------------------++-------
  Melee: Dagger            ||    22
         Kick              ||     7
   Cast: Shock             ||    23
 Armour: Robe              ||    10
  Dodge: Dodged            ||    24

Table legend: (Time is in decaauts)
 A = Elapsed time spent in this place.
 B = Non-inter-level travel time spent in this place.
 C = Inter-level travel time spent in this place.
 D = Time resting spent in this place.
 E = Time spent auto-exploring this place.
 F = Levels seen in this place.
 G = Mean time per level.
                   A        B        C        D        E       F      G
               +--------+--------+--------+--------+--------+-----+--------+
         Total |   1013 |    888 |    125 |     43 |    629 |   2 |  506.5 |
       Dungeon |   1013 |    888 |    125 |     43 |    629 |   2 |  506.5 |
               +--------+--------+--------+--------+--------+-----+--------+

Top non-repeatable levels by time:
     D:1: 999 daAuts
     D:2: 13 daAuts
